 Dungeon Crawl Stone Soup version 0.18.1-48-g4cf74bf (webtiles) character file.

374340 nuthulu the Warrior (level 22, -34/152 HPs)
             Began as a Gargoyle Fighter on Sept 7, 2016.
             Was the Champion of Okawaru.
             Thrown by an iron giant (69 damage)
             ... on level 2 of the Depths.
             The game lasted 01:58:14 (47889 turns).

nuthulu the Warrior (Gargoyle Fighter)             Turns: 47889, Time: 01:58:15

Health: -34/152    AC: 56    Str: 27    XL:     22   Next: 74%
Magic:  36/41      EV: 22    Int: 11    God:    Okawaru [******]
Gold:   2338       SH: 25    Dex: 15    Spells: 0 memorised, 21 levels left

rFire  + . .     SeeInvis .     T - +9 eveningstar "Dyjygarura" {speed, *Corrode +Blink rF+}
rCold  + . .     Gourm    .     P - +4 plate armour
rNeg   + + .     Faith    .     n - +4 shield {AC+3}
rPois  ∞         Spirit   .     x - +2 hat of Xips {+Fly rN+ MP+9}
rElec  +         Dismiss  .     A - +1 cloak {rPois}
rCorr  .         Reflect  +     X - +2 pair of gloves {Str+3}
SustAt .         Harm     .     V - +2 pair of boots {run}
MR     ++...                    S - +3 amulet of reflection
Stlth  ..........               K - +2 ring of dexterity
                                j - ring of protection from magic

@: heroism, finesse, flying, very slightly contaminated, invisible, quick, very
resistant to hostile enchantments, extremely unstealthy
A: big wings, repulsion field 1, cold resistance 1, negative energy resistance
1, electricity resistance, unbreathing, petrification resistance, rot immunity,
AC +16
a: Stop Flying, Heroism, Finesse, Renounce Religion, Evoke Blink
}: 2/15 runes: barnacled, gossamer


You were on level 2 of the Depths.
You worshipped Okawaru.
Okawaru was exalted by your worship.
You were not hungry.

You visited 8 branches of the dungeon, and saw 40 of its levels.
You also visited: Ice Cave.

You collected 4661 gold pieces.
You spent 2323 gold pieces at shops.

Inventory:

Hand Weapons
 N - a +5 eveningstar of holy wrath
 T - the +9 eveningstar "Dyjygarura" (weapon) {speed, *Corrode +Blink rF+}
   (Okawaru gifted it to you on level 7 of the Lair of Beasts)

   Attacks with this weapon are significantly faster.
   It protects you from fire.
   It lets you blink.
   It may corrode you when you take damage.
Missiles
 L - 6 throwing nets (quivered)
Armour
 h - a +1 plate armour of fire resistance
 n - a +4 shield of protection (worn)
 x - the +2 hat of Xips (worn) {+Fly rN+ MP+9}
   (You bought it in a shop on level 2 of the Orcish Mines)

   It protects you from negative energy.
   It affects your magic capacity (+9).
   It lets you fly.
 A - a +1 cloak of poison resistance (worn)
 P - a +4 plate armour (worn)
 V - a +2 pair of boots of running (worn)
 X - a +2 pair of gloves of strength (worn)
Jewellery
 g - an uncursed amulet of the gourmand
 j - a ring of protection from magic (left hand)
 o - an uncursed ring of resist corrosion
 p - an uncursed ring of protection from magic
 r - an uncursed amulet of dismissal
 z - an uncursed amulet of guardian spirit
 K - a +2 ring of dexterity (right hand)
 O - an uncursed ring of protection from fire
 Q - an uncursed ring of see invisible
 R - an uncursed ring of protection from cold
 S - a +3 amulet of reflection (around neck)
Wands
 H - a wand of teleportation (4/9)
Scrolls
 e - 3 scrolls of silence
 k - 5 scrolls of recharging
 l - 5 scrolls of fear
 q - 11 scrolls of teleportation
 u - 17 scrolls of remove curse
 v - 13 scrolls of identify
 B - 3 scrolls of blinking
 C - 2 scrolls of holy word
 I - 3 scrolls of fog
 Y - 3 scrolls of magic mapping
Potions
 a - 5 potions of might
 c - 10 potions of agility
 d - 17 potions of curing
 m - a potion of berserk rage
 w - 5 potions of haste
 y - a potion of invisibility
 E - 3 potions of cancellation
 G - 4 potions of cure mutation
 J - 6 potions of heal wounds
 U - 4 potions of resistance
 W - 8 potions of lignification
Comestibles
 b - 50 fruits
 f - 16 bread rations
 i - 18 meat rations
 s - 12 chunks of flesh
 t - 13 slices of pizza
 D - 10 beef jerkies
 F - 12 royal jellies


   Skills:
 - Level 20.3(25.3) Fighting
 - Level 16.0(21.0) Maces & Flails
 * Level 17.1(22.1) Armour
 * Level 15.7(20.7) Dodging
 - Level 0.2(5.2) Stealth
 - Level 17.8(22.8) Shields
 - Level 14.5 Invocations


You had 21 spell levels left.
You didn't know any spells.

Dungeon Overview and Level Annotations

Branches:
Dungeon (15/15)            Temple (1/1) D:4            Lair (8/8) D:10
 Shoals (4/4) Lair:6       Spider (4/4) Lair:4        Slime (0/6) Lair:8
    Orc (2/2) D:9             Elf (0/3) Orc:2        Vaults (4/5) D:14
  Crypt (0/3) Vaults:2     Depths (2/5) D:15

Altars:
Ashenzari
Cheibriados
Dithmenos
Elyvilon
Fedhas
Gozag
Kikubaaqudgha
Makhleb
Nemelex Xobeh
Okawaru
Pakellas
Qazlal
Ru
Sif Muna
Trog
Vehumet
Xom
Yredelemnul
Zin
The Shining One
Beogh
Jiyva

Shops:
D:9 %   Orc:2 =*[(   Shoals:3 *   Shoals:4 %   Vaults:1 *   Vaults:3 }!}[?
Vaults:4 [*   Depths:1 *

Portals:
Hell: Depths:1 Depths:2
Pandemonium: Depths:2


Innate Abilities, Weirdness & Mutations

You are resistant to torment.
Your stone body is resilient (AC +16).
You are immune to poison.
Your large and strong wings let you fly indefinitely.
You resist negative energy.
You are resistant to electric shocks.
You can survive without breathing.
You are immune to petrification.
You are immune to rotting.
You are surrounded by a mild repulsion field (EV +2).
Your flesh is cold resistant.


Message History

* * * LOW HITPOINT WARNING * * *
Drink which item? (? for menu, Esc to quit)
You feel much better.
Drink which item? (? for menu, Esc to quit)
You fade into invisibility!
You are very lightly contaminated with residual magic.
The iron giant points at you and mumbles some strange words.
The iron shot hits you!
* * * LOW HITPOINT WARNING * * *
The iron giant casts a spell at you.
The iron shot reflects off an invisible shield around you!
The iron shot hits the iron giant.
Drink which item? (? for menu, Esc to quit)
You feel much better.
You can now deal lightning-fast blows.
You feel somewhat more hungry.
You hit the iron giant but do no damage.
The iron giant is almost dead.
The iron giant throws you!
You die...

######### ........##
#......#### #### #........#
###..###### ###.......##
##......##.### #..#.......#
##.........#..#
#...#.#)...###.##.......#...
#...#......@...##....#...#..
####.##..........##......#..
#)..#..#.........##....)..#.
##..#...#.#..C.....##.....#.
##(#...#..........##....#..
######.##.....#....##..#..
#=..#..#...)#....##.#...
##..#...#...#.......#..#
##[#...##..#.....##.##.


You could see an iron giant.

Vanquished Creatures
  Norris (D:14)
  Frederick (Vaults:4)
  Jory (Vaults:4)
  Nikola (Vaults:1)
  An iron giant (Depths:2)
  Arachne (Spider:2)
  A lich (Depths:2)
  Rupert (Lair:3)
  Gastronok (Lair:3)
  A revenant (Vaults:2)
  Roxanne (Shoals:1)
  A shadow dragon (Depths:2)
  2 tengu reavers
  Ilsuiw (Shoals:4)
  6 fire giants (Depths:2)
  Donald (Shoals:2)
  An orc warlord (Orc:1)
  Wiglaf (Spider:1)
  9 frost giants
  9 vault wardens
  7 emperor scorpions
  3 ghost moths
  Aizul (Spider:2)
  17 ironheart preservers
  3 very ugly things
  A vampire knight (Depths:1)
  13 stone giants
  A deep elf annihilator (Vaults:4)
  A salamander stormcaller (Vaults:3)
  9 spark wasps
  An eidolon (Vaults:2)
  5 ettins
  2 ettins (shapeshifter)
  6 fire dragons
  4 vault guards (Vaults:1)
  A jiangshi (Vaults:2)
  4 merfolk javelineers (Shoals:4)
  8 merfolk impalers
  Josephine (D:10)
  13 yaktaur captains
  2 great orbs of eyes
  7 ice dragons
  8 hydras
  Fannar (Lair:2)
  6 entropy weavers
  3 rakshasas
  Erolcha (D:11)
  5 merfolk aquamancers
  3 alligator snapping turtles (Shoals:4)
  4 centaur warriors
  4 catoblepae
  5 merfolk avatars
  5 deep troll shamans
  13 ogre magi
  A satyr (Shoals:2)
  8 death yaks (Lair:8)
  2 death knights
  Erica (D:10)
  2 vampire magi
  A shock serpent (shapeshifter) (Vaults:2)
  4 deep troll earth magi
  3 orc high priests (Orc:2)
  2 tengu warriors
  Urug (Lair:3)
  A hell knight (Depths:2)
  Sonja (D:15)
  A spriggan berserker (Depths:2)
  A fire crab (Lair:8)
  8 deep elf knights
  4 skeletal warriors
  14 deep trolls
  10 sea snakes
  An unseen horror (D:12)
  6 giant orange brains
  4 flayed ghosts
  A wolf spider zombie (D:12)
  7 hill giants
  Pikel (D:4)
  A phantasmal warrior (Vaults:1)
  2 necromancers
  3 deep elf archers
  14 ironbrand convokers
  18 orc knights
  An orb spider (shapeshifter) (Depths:2)
  22 ugly things
  15 orb spiders
  38 wolf spiders
  7 harpies (Shoals:4)
  4 wizards
  5 cyclopes
  4 griffons
  15 hornets
  17 deep elf magi
  4 salamanders
  A human skeleton (Vaults:4)
  8 orc sorcerers
  11 fauns
  A centaur zombie (D:13)
  9 manticores
  11 sirens
  2 moths of wrath (Spider:4)
  3 water nymphs
  5 elephants (Lair:7)
  A smoke demon (Depths:1)
  12 spiny frogs
  2 ice statues (IceCv)
  12 vault sentinels
  4 black mambas
  Psyche (D:9)
  A human zombie (Vaults:4)
  A torpor snail (Lair:8)
  A rime drake (Lair:4)
  14 komodo dragons
  5 freezing wraiths
  18 demonic crawlers
  2 tengu conjurers (D:14)
  45 yaktaurs
  2 hellwings (Depths:1)
  4 trolls
  2 polar bears
  31 jumping spiders
  A queen bee (D:14)
  26 merfolk
  17 two-headed ogres
  2 wind drakes (shapeshifter)
  18 blink frogs
  4 snapping turtles
  A raiju (shapeshifter) (Vaults:2)
  6 boulder beetles
  27 slime creatures
  92 redbacks
  A shadow (D:11)
  29 tarantellas
  2 wyverns
  11 water elementals
  A vampire (Depths:1)
  7 wraiths
  A hippogriff (shapeshifter) (Depths:2)
  5 basilisks
  16 humans
  A basilisk (shapeshifter) (Depths:2)
  13 hippogriffs
  Grum (D:10)
  76 yaks
  A hungry ghost (D:12)
  9 vampire mosquitoes
  3 wargs
  4 mottled dragons
  The ghost of baljet the Charmwright, an amateur MfIE (D:3)
  A soldier ant (shapeshifter) (Vaults:3)
  9 water moccasins
  A hell hound (Depths:1)
  A water moccasin (shapeshifter) (Depths:2)
  48 orc warriors
  15 porcupines
  2 black bears
  A black bear (shapeshifter) (Vaults:1)
  3 sky beasts
  A slave (D:4)
  25 ice beasts
  2 wasps (Spider:4)
  36 ogres
  An ettin simulacrum (Vaults:1)
  2 phantoms
  13 wolves
  6 boggarts
  12 centaurs
  12 crocodiles
  5 big kobolds
  A gnoll sergeant (D:8)
  21 giant frogs
  A deep troll simulacrum (Vaults:3)
  A wyvern zombie (D:12)
  2 wyvern skeletons
  2 scorpions
  3 human simulacra
  52 killer bees
  2 howler monkeys
  2 electric eels
  8 crimson imps
  4 hounds
  A giant frog zombie (D:12)
  4 jellies
  4 giant frog skeletons
  27 orc priests
  6 centaur skeletons
  22 iguanas
  6 worker ants
  Ijyb (D:4)
  23 orc wizards
  28 sheep
  A hound skeleton (D:4)
  A mummy (D:7)
  A howler monkey zombie (D:7)
  Robin (D:4)
  11 gnolls
  A howler monkey skeleton (D:9)
  10 adders
  52 river rats
  2 shadow imps
  An ooze (D:3)
  2 adder skeletons
  An adder zombie (D:9)
  4 worms
  3 dart slugs
  9 giant geckos
  90 orcs
  A ball python (D:1)
  10 bats
  A giant cockroach (D:7)
  16 goblins
  4 hobgoblins
  A jackal (shapeshifter) (Depths:2)
  13 jackals
  12 kobolds
  2 quokkas
  A giant gecko skeleton (D:6)
  2 giant newts
  2 hobgoblin zombies (D:7)
  A jackal skeleton (D:5)
  2 kobold zombies (D:7)
  4 rats
  2 fungi (Lair:8)
  A plant (Lair:8)
1732 creatures vanquished.

Vanquished Creatures (collateral kills)
  A wolf spider (Spider:2)
1 creature vanquished.

Vanquished Creatures (others)
  A ghost moth (Spider:4)
  3 merfolk javelineers (Shoals:4)
  An ice dragon (Depths:2)
  2 yaktaur captains
  A satyr (Shoals:4)
  An ogre mage (Vaults:3)
  A merfolk aquamancer (Shoals:4)
  An unseen horror (Vaults:1)
  2 deep elf archers (Vaults:2)
  A wolf spider (Spider:4)
  A faun (Shoals:4)
  A cyclops (Vaults:1)
  A fire giant skeleton (Vaults:4)
  19 yaktaurs
  A two-headed ogre (Vaults:4)
  A redback (Spider:4)
  An orc warrior (Vaults:1)
  An ogre (Vaults:1)
  4 centaurs
  2 orc wizards
  An iguana (Lair:2)
  A worker ant (D:11)
  An ooze (D:4)
  3 orcs
  A goblin (D:4)
  2 jackals (D:4)
  A quokka (D:4)
  2 kobolds (D:10)
  5 fungi
  8 plants
  4 toadstools (D:1)
75 creatures vanquished.

Grand Total: 1808 creatures vanquished

Notes
Turn   | Place    | Note
--------------------------------------------------------------
     0 | D:1      | nuthulu the Gargoyle Fighter began the quest for the Orb.
     0 | D:1      | Reached XP level 1. HP: 14/14 MP: 1/1
    87 | D:1      | Reached XP level 2. HP: 18/19 MP: 2/2
   849 | D:1      | Reached XP level 3. HP: 23/23 MP: 3/3
  1512 | D:2      | Gained mutation: Your flesh is cold resistant. [potion of mutation]
  1512 | D:2      | Gained mutation: You are surrounded by a mild repulsion field (EV +2). [potion of mutation]
  1771 | D:2      | Noticed Ijyb
  1961 | D:3      | Noticed baljet's ghost (amateur MfIE)
  1981 | D:3      | Killed baljet's ghost
  1981 | D:3      | Reached skill level 1 in Dodging
  1981 | D:3      | Reached XP level 4. HP: 27/28 MP: 4/4
  1981 | D:3      | Reached XP level 5. HP: 31/32 MP: 5/5
  2399 | D:3      | Reached skill level 5 in Shields
  2399 | D:3      | Reached XP level 6. HP: 22/37 MP: 6/6
  2783 | D:4      | Noticed a slave
  2809 | D:4      | Killed a slave
  2820 | D:4      | Noticed a slave
  2821 | D:4      | Noticed a slave
  2821 | D:4      | Noticed Pikel
  2848 | D:4      | Killed Pikel
  2848 | D:4      | Reached skill level 5 in Maces & Flails
  2848 | D:4      | Reached XP level 7. HP: 37/41 MP: 7/7
  2931 | D:4      | Noticed Robin
  2977 | D:4      | Killed Ijyb
  2992 | D:4      | Killed Robin
  3164 | D:4      | Found a staircase to the Ecumenical Temple.
  3205 | Temple   | Entered the Ecumenical Temple
  3514 | D:4      | Found a burning altar of Makhleb.
  3514 | D:4      | Noticed a cacodemon
  3688 | D:5      | Entered Level 5 of the Dungeon
  3710 | D:5      | Reached XP level 8. HP: 46/46 MP: 8/8
  3953 | D:5      | Found a sacrificial altar of Ru.
  4470 | D:5      | Found a bloodstained altar of Trog.
  4626 | D:5      | Found a deep blue altar of Sif Muna.
  5533 | D:7      | Found an iron altar of Okawaru.
  5534 | D:7      | Found a white marble altar of Elyvilon.
  5538 | D:7      | Became a worshipper of Warmaster Okawaru
  5651 | D:7      | Reached XP level 9. HP: 39/51 MP: 9/9
  6014 | D:7      | Found a basalt altar of Yredelemnul.
  6016 | D:7      | Found a glowing silver altar of Zin.
  6448 | D:8      | Reached * piety under Okawaru
  6484 | D:8      | Found a glowing golden altar of the Shining One.
  6910 | D:8      | Noticed a two-headed ogre
  6922 | D:8      | Killed a two-headed ogre
  6922 | D:8      | Reached ** piety under Okawaru
  6922 | D:8      | Reached skill level 10 in Shields
  7237 | D:8      | Reached XP level 10. HP: 56/56 MP: 10/10
  7258 | D:8      | Reached skill level 10 in Maces & Flails
  7316 | D:8      | Noticed a two-headed hydra
  7328 | D:8      | Killed a two-headed hydra
  7328 | D:8      | Reached *** piety under Okawaru
  7482 | D:9      | Found Mihiamou's Food Emporium.
  7978 | D:9      | Reached **** piety under Okawaru
  8375 | D:9      | Reached XP level 11. HP: 52/60 MP: 11/11
  8785 | D:9      | Found a staircase to the Orcish Mines.
  8899 | D:10     | Entered Level 10 of the Dungeon
  8901 | D:10     | Noticed Psyche
  8940 | D:9      | Killed Psyche
  9233 | D:10     | Noticed Erica
  9279 | D:10     | Killed Erica
  9334 | D:10     | Reached ***** piety under Okawaru
  9403 | D:10     | Noticed Grum
  9474 | D:10     | Killed Grum
  9677 | D:10     | Found a staircase to the Lair.
  9888 | D:10     | Noticed Josephine
  9932 | D:10     | Killed Josephine
  9932 | D:10     | Received a gift from Okawaru
 10213 | Lair:1   | Entered Level 1 of the Lair of Beasts
 10918 | Lair:1   | Reached XP level 12. HP: 64/64 MP: 12/12
 11498 | Lair:2   | Noticed Fannar
 11561 | Lair:2   | Killed Fannar
 11561 | Lair:2   | Received a gift from Okawaru
 11568 | Lair:2   | Got an iridescent great mace {god gift}
 11569 | Lair:2   | Identified the +6 great mace of Fyasutida {crush, *Confuse rPois rC+} (Okawaru gifted it to you on level 2 of the Lair of Beasts)
 12385 | Lair:3   | Noticed a five-headed hydra
 12405 | Lair:3   | Killed a five-headed hydra
 12581 | Lair:3   | Noticed Rupert
 12642 | Lair:3   | Killed Rupert
 12642 | Lair:3   | Received a gift from Okawaru
 12642 | Lair:3   | Reached skill level 1 in Invocations
 12914 | Lair:3   | Reached skill level 15 in Maces & Flails
 13004 | Lair:3   | Noticed Gastronok
 13038 | Lair:3   | Killed Gastronok
 13145 | Lair:3   | Noticed Urug
 13167 | Lair:3   | Killed Urug
 13167 | Lair:3   | Reached XP level 13. HP: 40/68 MP: 11/14
 13894 | Lair:4   | Found a hole to the Spider Nest.
 14268 | Lair:4   | Found a frozen archway.
 14288 | Lair:4   | Reached skill level 15 in Shields
 14328 | IceCv    | Entered an ice cave
 14352 | IceCv    | Reached skill level 4 in Fighting
 14836 | IceCv    | Reached skill level 5 in Fighting
 14854 | IceCv    | Noticed an ice dragon
 14887 | IceCv    | Killed an ice dragon
 14900 | IceCv    | Noticed an ice dragon
 14917 | IceCv    | Killed an ice dragon
 14917 | IceCv    | Received a gift from Okawaru
 15487 | Lair:5   | Reached skill level 6 in Fighting
 15605 | Lair:5   | Reached skill level 5 in Armour
 15968 | Lair:5   | Reached skill level 7 in Fighting
 17174 | Lair:6   | Reached skill level 8 in Fighting
 17174 | Lair:6   | Gained mutation: Your large and strong wings let you fly indefinitely. [Gargoyle growth]
 17174 | Lair:6   | Reached XP level 14. HP: 81/84 MP: 16/16
 17308 | Lair:6   | Found a staircase to the Shoals.
 17729 | Lair:7   | Received a gift from Okawaru
 17729 | Lair:7   | Reached skill level 9 in Fighting
 17732 | Lair:7   | Got a jewelled eveningstar {god gift}
 17733 | Lair:7   | Identified the +9 eveningstar "Dyjygarura" {speed, *Corrode +Blink rF+} (Okawaru gifted it to you on level 7 of the Lair of Beasts)
 18504 | Lair:7   | Reached skill level 10 in Fighting
 18685 | Lair:8   | Entered Level 8 of the Lair of Beasts
 18702 | Lair:8   | Reached ****** piety under Okawaru
 18727 | Lair:8   | Received a gift from Okawaru
 18795 | Lair:8   | Reached skill level 11 in Fighting
 19219 | Lair:8   | Found a viscous altar of Jiyva.
 19219 | Lair:8   | Found a staircase to the Slime Pits.
 19283 | Lair:8   | Reached skill level 12 in Fighting
 20153 | Orc:1    | Entered Level 1 of the Orcish Mines
 20174 | D:9      | Reached XP level 15. HP: 97/97 MP: 14/17
 20547 | Orc:2    | Entered Level 2 of the Orcish Mines
 20547 | Orc:2    | Found a roughly hewn altar of Beogh.
 20624 | Orc:2    | Reached skill level 13 in Fighting
 20771 | Orc:2    | Found a staircase to the Elven Halls.
 21251 | Orc:2    | Received a gift from Okawaru
 21327 | Orc:2    | Noticed an orc warlord
 21682 | Orc:1    | Killed an orc warlord
 21923 | Orc:2    | Found Gajaolom's Antique Armour Shop.
 21924 | Orc:2    | Found Qoroexaf's Antique Weapon Shop.
 21926 | Orc:2    | Found Butzaalu's General Store.
 21926 | Orc:2    | Found Fip Hucw's Jewellery Boutique.
 21941 | Orc:2    | Bought a potion of haste for 140 gold pieces
 21941 | Orc:2    | Bought a potion of haste for 140 gold pieces
 21941 | Orc:2    | Bought a scroll of remove curse for 42 gold pieces
 21951 | Orc:2    | Bought a distressingly furry hat for 234 gold pieces
 21952 | Orc:2    | Bought a glowing flail for 87 gold pieces
 21952 | Orc:2    | Identified the +2 hat of Xips {+Fly rN+ MP+9} (You bought it in a shop on level 2 of the Orcish Mines)
 22259 | D:9      | Reached skill level 10 in Armour
 22456 | Spider:1 | Entered Level 1 of the Spider Nest
 22475 | Spider:1 | Reached skill level 14 in Fighting
 22927 | Spider:1 | Received a gift from Okawaru
 22952 | Spider:1 | Identified a +2 pair of boots of running (Okawaru gifted it to you on level 1 of the Spider Nest)
 23302 | Spider:2 | Noticed an emperor scorpion
 23331 | Spider:2 | Killed an emperor scorpion
 23528 | Spider:2 | Noticed Arachne
 23562 | Spider:2 | Killed Arachne
 23677 | Spider:2 | Noticed Wiglaf
 23746 | Spider:1 | Killed Wiglaf
 24120 | Spider:2 | Reached skill level 15 in Fighting
 24355 | Spider:2 | Noticed Aizul
 24372 | Spider:2 | Killed Aizul
 24372 | Spider:2 | Reached XP level 16. HP: 108/108 MP: 19/19
 24806 | Spider:2 | Received a gift from Okawaru
 25678 | Spider:3 | Received a gift from Okawaru
 25753 | Spider:4 | Entered Level 4 of the Spider Nest
 25767 | Spider:4 | Reached skill level 16 in Fighting
 26458 | Spider:4 | Received a gift from Okawaru
 26749 | Spider:4 | Reached skill level 17 in Fighting
 26830 | Spider:4 | Reached XP level 17. HP: 109/117 MP: 20/20
 27186 | Spider:4 | Reached skill level 18 in Fighting
 27353 | Spider:4 | Got a gossamer rune of Zot
 28059 | Shoals:1 | Entered Level 1 of the Shoals
 28064 | Shoals:1 | Noticed Roxanne
 28083 | Shoals:1 | Killed Roxanne
 28600 | Shoals:1 | Got a warped plate armour
 28601 | Shoals:1 | Identified the cursed +0 plate armour of a labyrinth {rN+ Str+3} (You found it on level 1 of the Shoals)
 29146 | Shoals:2 | Noticed Donald
 29159 | Shoals:2 | Killed Donald
 29232 | Shoals:2 | Received a gift from Okawaru
 29753 | Shoals:2 | Reached skill level 15 in Armour
 30153 | Shoals:3 | Found Nyothrura's Needful Niceties.
 30547 | Shoals:3 | Reached skill level 19 in Fighting
 30738 | Shoals:4 | Entered Level 4 of the Shoals
 30742 | Shoals:4 | Reached XP level 18. HP: 128/128 MP: 21/21
 30780 | Shoals:4 | Noticed Ilsuiw
 30928 | Shoals:4 | Killed Ilsuiw
 31867 | Shoals:4 | Received a gift from Okawaru
 31888 | Shoals:4 | Found Herif's Food Emporium.
 32129 | Shoals:4 | Reached skill level 20 in Fighting
 32160 | Shoals:4 | Got a barnacled rune of Zot
 32659 | D:11     | Noticed Erolcha
 32673 | D:11     | Killed Erolcha
 33308 | D:11     | Found a shadowy altar of Dithmenos.
 34956 | D:13     | Reached skill level 5 in Invocations
 35157 | D:13     | Identified a scroll of acquirement
 35683 | D:14     | Found a gate to the Vaults.
 35683 | D:14     | Noticed Norris
 35746 | D:13     | Received a gift from Okawaru
 35843 | D:14     | Killed Norris
 35843 | D:14     | Reached XP level 19. HP: 38/136 MP: 23/23
 36486 | D:14     | Found a shadowy altar of Dithmenos.
 37028 | D:15     | Entered Level 15 of the Dungeon
 37228 | D:15     | Found a staircase to the Depths.
 37382 | D:15     | Noticed Sonja
 37447 | D:15     | Killed Sonja
 37821 | Vaults:1 | Entered Level 1 of the Vaults
 38380 | Vaults:1 | Received a gift from Okawaru
 38413 | Vaults:1 | Noticed Nikola
 38488 | Vaults:1 | Killed Nikola
 39028 | Vaults:1 | Found Jeexzian's General Store.
 39033 | Vaults:1 | Bought a potion of haste for 100 gold pieces
 39033 | Vaults:1 | Bought a scroll of identify for 20 gold pieces
 39264 | Vaults:1 | Received a gift from Okawaru
 39911 | Vaults:1 | Reached skill level 5 in Dodging
 39996 | Vaults:2 | Reached XP level 20. HP: 141/141 MP: 26/26
 40277 | Vaults:2 | Received a gift from Okawaru
 41218 | Vaults:2 | Reached skill level 10 in Invocations
 41491 | Vaults:2 | Found a staircase to the Crypt.
 41880 | Vaults:3 | Found Derik's Gadget Boutique.
 41880 | Vaults:3 | Found Nauginiu's Distillery.
 41971 | Vaults:3 | Bought a potion of haste for 170 gold pieces
 42224 | Vaults:3 | Found Loacki's Gadget Boutique.
 42227 | Vaults:3 | Bought a wand of teleportation (4/9) for 480 gold pieces
 42337 | Vaults:3 | Received a gift from Okawaru
 42737 | Vaults:3 | Found Unoxumy's Magic Scroll Emporium.
 42761 | Vaults:3 | Found Utokhluq's Armour Shop.
 42778 | Vaults:3 | Reached skill level 10 in Dodging
 42852 | Vaults:3 | Bought a scroll of magic mapping for 59 gold pieces
 42852 | Vaults:3 | Bought a scroll of fear for 59 gold pieces
 43222 | Vaults:4 | Reached XP level 21. HP: 135/147 MP: 30/30
 43229 | Vaults:4 | Received a gift from Okawaru
 43459 | Vaults:4 | Found Agoviv's Weapon Emporium.
 43513 | Vaults:4 | Noticed Frederick
 43530 | Vaults:4 | Killed Frederick
 43733 | Vaults:4 | Noticed Jory
 43761 | Vaults:4 | Killed Jory
 43779 | Vaults:4 | Found Leesmonovo's Assorted Antiques.
 43827 | Vaults:4 | Bought a scroll of holy word for 225 gold pieces
 43827 | Vaults:4 | Bought a scroll of enchant weapon for 225 gold pieces
 44158 | Vaults:4 | Found Haross's Antique Armour Emporium.
 44166 | Vaults:4 | Bought a pair of brightly glowing gloves for 342 gold pieces
 44166 | Vaults:4 | Identified the cursed -4 pair of gloves of Beogh's Righteous Fury {Int+4} (You bought it in a shop on level 4 of the Vaults)
 45072 | Depths:1 | Entered Level 1 of the Depths
 45230 | Depths:1 | Received a gift from Okawaru
 45493 | Depths:1 | Found Jeitub's Blood Bar.
 45606 | Depths:1 | Paralysed by a great orb of eyes for 6 turns
 45842 | Depths:1 | Found a gateway to Hell.
 45932 | Depths:1 | You are sucked into a shaft!
 46537 | Depths:2 | Reached XP level 22. HP: 141/152 MP: 32/32
 46709 | Depths:2 | Noticed an iron giant
 46711 | Depths:2 | Received a gift from Okawaru
 46750 | Depths:2 | Killed an iron giant
 47150 | Depths:2 | Reached skill level 15 in Dodging
 47743 | Depths:2 | Found a one-way gate leading to the halls of Pandemonium.
 47854 | Depths:2 | Noticed an iron giant
 47889 | Depths:2 | Thrown by an iron giant

Skill      XL: |  1  2  3  4  5  6  7  8  9 10 11 12 13 14 15 16 17 18 19 20 21 22 |
---------------+-------------------------------------------------------------------+-----
Maces & Flails | 3 4 5 6 7 9 12 13 15 16 | 16.0
Shields        | 4 5 6 8 10 11 13 14 15 17 | 17.8
Dodging        | 1 2 5 10 13 15 | 15.7
Invocations    | 1 3 4 5 8 12 13 14 | 14.5
Fighting       | 8 12 15 17 19 20 | 20.3
Armour         | 6 8 11 13 15 17 | 17.1
Stealth        | |  0.2

Action                   |  1- 3 |  4- 6 |  7- 9 | 10-12 | 13-15 | 16-18 | 19-21 | 22-24 || total
-------------------------+-------+-------+-------+-------+-------+-------+-------+-------++-------
Melee: Flail             |   170 |   115 |   610 |   728 |       |       |       |       ||  1623
       Morningstar       |       |       |       |   443 |   751 |       |       |       ||  1194
       Eveningstar       |       |       |       |       |   911 |  1917 |  2168 |   441 ||  5437
Invok: Heroism           |       |       |       |    12 |    13 |     7 |     6 |     5 ||    43
       Finesse           |       |       |       |     1 |     2 |       |     2 |     3 ||     8
 Abil: Fly               |       |       |       |       |     1 |       |       |       ||     1
  Use: Potion            |     8 |     1 |     2 |     4 |     6 |       |     1 |     3 ||    25
       Scroll            |     5 |     4 |     9 |     9 |    16 |    10 |     6 |       ||    59
 Stab: Petrified         |       |       |       |       |     5 |       |       |       ||     5
       Petrifying        |       |       |       |       |     1 |       |       |       ||     1
  Eat: Chunk             |     4 |     3 |    15 |    18 |    23 |    10 |    27 |     5 ||   105
       Bread ration      |       |       |       |     1 |     4 |     1 |       |       ||     6
       Meat ration       |       |       |       |       |       |     4 |     1 |       ||     5
       Royal jelly       |       |       |       |       |       |       |     1 |       ||     1
Armor: Scale mail        |    73 |       |       |       |       |       |       |       ||    73
       Plate armour      |    35 |    68 |   246 |   373 |   520 |   885 |   501 |   112 ||  2740
       Skin              |    22 |     3 |       |       |       |       |       |       ||    25
Dodge: Dodged            |    59 |    19 |   146 |   247 |   302 |   545 |   374 |   132 ||  1824
Block: Shield            |   122 |    79 |   512 |   831 |  1162 |  1542 |  1446 |   343 ||  6037
       Reflection        |     2 |       |     6 |    28 |    16 |    67 |   161 |    45 ||   325
       Large shield      |       |       |       |       |       |    56 |    16 |       ||    72
